 Dungeon Crawl Stone Soup version 0.31.0 (webtiles) character file.

Game seed: 10787459379244836604

5289 qw the Skirmisher (level 10, -17/64 HPs)
             Began as a Gargoyle Hunter on Jan 20, 2024.
             Was a Priest of Okawaru.
             Demolished by a sun demon (19 damage)
             ... summoned by an obsidian statue
             ... on level 9 of the Dungeon.
             The game lasted 00:00:51 (7102 turns).

qw the Skirmisher (Gargoyle Hunter)                 Turns: 7102, Time: 00:00:52

Health: -17/64     AC:  7    Str: 21    XL:     10   Next: 63%
Magic:  11/11      EV: 14    Int: 14    God:    Okawaru [***...]
Gold:   193        SH:  0    Dex: 18    Spells: 9/9 levels left

rFire   . . .        j - +5 arbalest "Cisic" {freeze, rElec rPois Str+7 Dex-4}
rCold   . . .        (shield currently unavailable)
rNeg    + . .        b - +1 steam dragon scales
rPois   inf          r - +0 helmet
rElec   +            (no cloak)
rCorr   .            (no gloves)
SInv    +            (no boots)
Will    .....        x - amulet of faith
Stlth   ++           i - +6 ring of dexterity
HPRegen 0.30/turn    a - ring of see invisible
MPRegen 0.12/turn

%: faith
@: weakened, corroded
A: sickness immunity, AC +7, negative energy resistance 1, electricity
resistance, torment resistance 1, petrification resistance, talons 1, clever 1,
low MP 1, sturdy frame 1
a: Renounce Religion, Heroism


You were on level 9 of the Dungeon.
You worshipped Okawaru.
Okawaru was most pleased with you.
You visited 2 branches of the dungeon, and saw 10 of its levels.

You collected 491 gold pieces.
You spent 298 gold pieces at shops.


Innate Abilities, Weirdness & Mutations

You are immune to sickness and miasma.
Your stone body is resilient. (AC +7)
You are immune to poison.
You resist negative energy. (rN+)
You are resistant to electric shocks. (rElec)
You are resistant to unholy torment.
You are immune to petrification.
You have sharp toenails.
Your mind is acute. (Int +4, Str/Dex -1)
Your magical capacity is low. (-10% MP)
Your movements are slightly less encumbered by armour. (ER -2)


   Skills:
 - Level 8.0 Fighting
 + Level 12.6 Ranged Weapons
 - Level 3.0 Armour
 - Level 4.0 Dodging
 - Level 1.1 Stealth
 - Level 4.1 Invocations


You had 9 spell levels left.
You didn't know any spells.
Your spell library was empty.

Inventory:

Hand Weapons
 j - the +5 arbalest "Cisic" (weapon) {freeze, rElec rPois Str+7 Dex-4}
   (You acquired it on level 5 of the Dungeon)

   Str+7:     It affects your strength (+7).
   Dex-4:     It affects your dexterity (-4).
   rElec:     It insulates you from electricity.
   rPois:     It protects you from poison
Armour
 b - +1 steam dragon scales (worn)
 q - the +2 robe of Awanlum {SInv}
   (You found it on level 8 of the Dungeon)

   SInv:      It lets you see invisible.
 r - a +0 helmet (worn)
Jewellery
 a - a ring of see invisible (right hand)
 i - a +6 ring of dexterity (left hand)
 o - an amulet of reflection
 u - a +6 ring of strength
 v - a ring of protection from fire
 x - an amulet of faith (around neck)
Wands
 c - a wand of charming (5)
 k - a wand of roots (11)
 n - a wand of mindburst (7)
 s - a wand of light (12)
Scrolls
 g - 2 scrolls of brand weapon
 m - 2 scrolls of enchant weapon
 p - 2 scrolls of teleportation
 w - 3 scrolls of identify
Potions
 d - 3 potions of might
 f - 4 potions of curing
 h - a potion of heal wounds
 l - a potion of resistance
 t - a potion of enlightenment

Dungeon Overview and Level Annotations

Branches:
Dungeon (9/15)             Temple (1/1) D:7
   Lair: D:8-11         Orc: D:9-12

Altars:
Ashenzari
Cheibriados
Dithmenos
Elyvilon
Fedhas
Gozag
Hepliaklqana
Kikubaaqudgha
Makhleb
Nemelex Xobeh
Okawaru
Qazlal
Ru
Sif Muna
Vehumet
Wu Jian
Xom
Yredelemnul
Zin
The Shining One

Shops:
D:2 =   D:7 ?

Portals:
Bailey: D:8

Annotations:
D:4 2 runed translucent doors, qw's ghost, amateur GrHu
D:9 exclusion: obsidian statue


Message History

Enter note:
Enter note:
Enter note:
Enter note:
Enter note:
Enter note:
Enter note:
Enter note:
Enter note:
Enter note: The obsidian statue's eyes glow briefly.
The rust devil hits you. The rust devil corrodes you!
The orange demon stings you but does no damage.
The orange demon barely misses you.
You shoot a bolt.
The bolt hits the orange demon but does no damage.
The orange demon completely misses you. The orange demon hits you.
You feel your attacks grow feeble. The rust devil misses you.
You shoot a bolt. The bolt hits the orange demon!!
The bolt freezes the orange demon!
The orange demon is severely wounded.
The obsidian statue's eyes glow briefly.
The orange demon barely misses you.
The orange demon hits you but does no damage.
The rust devil hits you. The rust devil corrodes you!
You shoot a bolt. The bolt hits the orange demon.
The bolt freezes the orange demon.
The orange demon is almost dead.
The rust devil disappears in a puff of smoke!
The orange demon misses you. The orange demon barely misses you.
The crimson imp blinks!
The sun demon hits you!!
You are engulfed in flames!
The obsidian statue's eyes glow briefly.
You shoot a bolt.
The bolt hits the orange demon but does no damage.
The orange demon is almost dead.
The orange demon barely misses you. The orange demon hits you.
You feel as though you will be weak longer.
The sun demon hits you!!
You are engulfed in flames!!
You die...

.#####)##.####.#
.##.....%%..##.#######
.##.##.##.#..........#
.##.##.##.####.#####.#
.......##......# #.#
###.############ #.#
##..# #.... ###.#
##.#######.....###...#
............=..4@..###
.#.#..####.....3ยค?..#
.#.#..# #....58884..#
.#.. .# ####.|888....#
.#.##.# #.)888!...#
.#.##.# ##.(5)....#
...)..# #.......##
##)##########..##..5.#
#.##............#


You could see an obsidian statue, a sun demon (summoned), an orange demon
(summoned), a hellwing (summoned), a crimson imp (summoned), a white imp
(summoned) and an ufetubus (summoned).

Vanquished Creatures
  Joseph (D:7)
  An efreet (D:9)
  Sigmund (D:3)
  A shadow (D:9)
  6 yaks (D:9)
  4 steam dragons
  A water moccasin (D:5)
  An acid dragon (D:6)
  Duvessa (D:4)
  2 orc warriors
  A black bear (D:7)
  A sky beast (D:6)
  5 centaurs
  A phantom (D:5)
  3 bullfrogs
  2 gnoll sergeants
  4 scorpions
  4 wights (D:9)
  Dowan (D:4)
  6 killer bees (D:9)
  A jelly (D:6)
  An orc priest (D:8)
  A gnoll bouda (D:8)
  5 hounds
  A sleepcap (D:5)
  Jessica (D:3)
  3 iguanas
  Ijyb (D:3)
  Natasha (twice) (D:3)
  2 orc wizards (D:8)
  A statue (D:7)
  12 gnolls
  5 adders
  3 shadow imps
  2 ufetubi
  4 ribbon worms
  3 dart slugs
  18 orcs
  8 ball pythons
  9 endoplasms
  2 giant cockroaches
  11 hobgoblins
  2 jackals (D:1)
  9 kobolds
  3 quokkas
  5 bats
  2 frilled lizards (D:1)
  7 goblins
  6 rats
177 creatures vanquished.

Notes
Turn   | Place    | Note
-------+----------+-------------------------------------------
     0 | D:1      | qw the Gargoyle Hunter began the quest for the Orb.
     0 | D:1      | Reached XP level 1. HP: 12/12 MP: 1/1
     0 | D:1      | 0 ||| qw: Version: 0.3-a-132-g3d54051
     0 | D:1      | 0 ||| qw: Game counter: 453
     0 | D:1      | 0 ||| qw: Melee chars always use a shield: true
     0 | D:1      | 0 ||| qw: God list: Okawaru
     0 | D:1      | 0 ||| qw: Allow faded altars: false
     0 | D:1      | 0 ||| qw: Do Orc after clearing Dungeon:15 true
     0 | D:1      | 0 ||| qw: Do second Lair branch before Depths: true
     0 | D:1      | 0 ||| qw: Lair rune preference: random
     0 | D:1      | 0 ||| qw: Goals: Normal
     0 | D:1      | 0 ||| PLANNING D:1-11
   121 | D:1      | Reached XP level 2. HP: 17/17 MP: 2/2
   329 | D:1      | Reached XP level 3. HP: 21/21 MP: 3/3
   449 | D:1      | Reached skill level 5 in Ranged Weapons
   544 | D:1      | 544 ||| UPGRADING to +6 ring of dexterity.
   545 | D:1      | 545 ||| READING scroll labelled DUAPHAMUCH.
   545 | D:1      | 545 ||| IDENTIFYING pink potion
   546 | D:1      | 546 ||| READING scroll labelled NONEUK ONLIEB.
   549 | D:1      | 549 ||| DRINKING 2 bubbling blue potions.
   747 | D:1      | 747 ||| READING scroll labelled XUASMO NIAB.
   748 | D:1      | 748 ||| DROPPING scroll of butterflies.
   884 | D:2      | Found Vumuc's Jewellery Boutique.
   897 | D:2      | 897 ||| SHOPLISTING +4 ring of slaying (1014 gold, have
                  | 78).
   897 | D:2      | 897 ||| SHOPLISTING +5 ring of evasion (468 gold, have 78).
   897 | D:2      | 897 ||| SHOPLISTING +6 ring of dexterity (468 gold, have
                  | 78).
   897 | D:2      | 897 ||| SHOPLISTING ring of fire (325 gold, have 78).
   897 | D:2      | 897 ||| SHOPLISTING ring of willpower (325 gold, have 78).
  1194 | D:2      | 1194 ||| UPGRADING to +0 ring mail.
  1204 | D:2      | 1204 ||| DROPPING +0 leather armour.
  1205 | D:2      | 1205 ||| READING scroll of identify.
  1205 | D:2      | 1205 ||| IDENTIFYING murky inky potion
  1206 | D:2      | 1206 ||| READING scroll labelled QODACAETOWK.
  1207 | D:2      | 1207 ||| READING scroll labelled QAISTR VARCHIUJI.
  1207 | D:2      | 1207 ||| BRANDING +0 shortbow.
  1208 | D:2      | 1208 ||| READING scroll labelled NILUIR LORCHIOST.
  1209 | D:2      | 1209 ||| FLEEEEING.
  1357 | D:3      | Reached skill level 1 in Armour
  1357 | D:3      | Reached XP level 4. HP: 27/27 MP: 4/4
  1429 | D:3      | Reached skill level 3 in Fighting
  1478 | D:3      | Noticed Natasha
  1484 | D:3      | Killed Natasha
  1625 | D:3      | Found a white marble altar of Elyvilon.
  1645 | D:3      | Noticed Ijyb
  1650 | D:3      | Killed Ijyb
  1659 | D:3      | Reached XP level 5. HP: 32/32 MP: 5/5
  1789 | D:3      | Noticed Sigmund
  1799 | D:3      | HP: 7/32 [Sigmund/magic dart (4)]
  1802 | D:3      | 1802 ||| FLEEEEING.
  1804 | D:3      | HP: 4/32 [something/magic dart (5)]
  1808 | D:3      | 1808 ||| FLEEEEING.
  1809 | D:3      | 1809 ||| FLEEEEING.
  1810 | D:3      | 1810 ||| FLEEEEING.
  1811 | D:3      | 1811 ||| FLEEEEING.
  1812 | D:3      | 1812 ||| FLEEEEING.
  1813 | D:3      | 1813 ||| FLEEEEING.
  1814 | D:3      | 1814 ||| FLEEEEING.
  1815 | D:3      | 1815 ||| FLEEEEING.
  1816 | D:3      | 1816 ||| FLEEEEING.
  1817 | D:3      | 1817 ||| FLEEEEING.
  1818 | D:3      | 1818 ||| FLEEEEING.
  1822 | D:3      | 1822 ||| FLEEEEING.
  1823 | D:3      | 1823 ||| FLEEEEING.
  1824 | D:3      | 1824 ||| FLEEEEING.
  1825 | D:3      | 1825 ||| FLEEEEING.
  1826 | D:3      | 1826 ||| FLEEEEING.
  1827 | D:3      | 1827 ||| FLEEEEING.
  1828 | D:3      | 1828 ||| FLEEEEING.
  1829 | D:3      | 1829 ||| FLEEEEING.
  1830 | D:3      | 1830 ||| FLEEEEING.
  1831 | D:3      | 1831 ||| FLEEEEING.
  1832 | D:3      | 1832 ||| STAIRDANCE
  1917 | D:2      | 1917 ||| READING scroll of identify.
  1917 | D:2      | 1917 ||| IDENTIFYING orange potion
  1927 | D:3      | 1927 ||| STAIRDANCE
  1941 | D:3      | Killed Sigmund
  1942 | D:3      | Reached skill level 7 in Ranged Weapons
  1942 | D:3      | Reached XP level 6. HP: 36/37 MP: 6/6
  2049 | D:3      | Noticed Natasha
  2050 | D:3      | 2050 ||| FLEEEEING.
  2056 | D:3      | 2056 ||| FLEEEEING.
  2057 | D:3      | 2057 ||| FLEEEEING.
  2058 | D:3      | 2058 ||| FLEEEEING.
  2063 | D:3      | Killed Natasha
  2100 | D:3      | Noticed Jessica
  2106 | D:3      | Killed Jessica
  2112 | D:3      | Found a shimmering blue altar of Sif Muna.
  2193 | D:3      | 2193 ||| READING scroll labelled XISEDDU USTRUSY.
  2265 | D:4      | 2265 ||| FLEEEEING.
  2266 | D:4      | 2266 ||| STAIRDANCE
  2272 | D:3      | 2272 ||| STAIRDANCE
  2353 | D:4      | Noticed a steam dragon
  2358 | D:4      | Killed a steam dragon
  2359 | D:4      | Reached skill level 3 in Dodging
  2359 | D:4      | Reached XP level 7. HP: 43/43 MP: 7/7
  2402 | D:4      | Found a large runed translucent door.
  2404 | D:4      | Found a large runed translucent door.
  2407 | D:4      | Noticed qw's ghost (amateur GrHu)
  2479 | D:4      | Found an ancient bone altar of Kikubaaqudgha.
  2494 | D:4      | Identified the +0 ring mail of Salvation {rElec rCorr
                  | Str+2}
  2522 | D:4      | 2522 ||| UPGRADING to +0 steam dragon scales.
  2544 | D:4      | 2544 ||| DROPPING +0 ring mail.
  2545 | D:4      | 2545 ||| DROPPING +0 ring mail of Salvation {rElec rCorr
                  | Str+2}.
  2651 | D:4      | Noticed Duvessa
  2658 | D:4      | Killed Duvessa
  2659 | D:4      | Noticed Dowan
  2663 | D:4      | Killed Dowan
  2776 | D:4      | Found a sparkling altar of Nemelex Xobeh.
  2827 | D:4      | 2827 ||| READING 3 scrolls of identify.
  2827 | D:4      | 2827 ||| IDENTIFYING white potion
  2828 | D:4      | 2828 ||| READING 2 scrolls of identify.
  2828 | D:4      | 2828 ||| IDENTIFYING cyan potion
  2829 | D:4      | 2829 ||| READING scroll of identify.
  2829 | D:4      | 2829 ||| IDENTIFYING scroll labelled GAESOEZXAE
  2830 | D:4      | 2830 ||| READING scroll of enchant weapon.
  2830 | D:4      | 2830 ||| ENCHANTING +0 shortbow of draining.
  2835 | D:5      | Entered Level 5 of the Dungeon
  2840 | D:5      | 2840 ||| STAIRDANCE
  2847 | D:5      | 2847 ||| STAIRDANCE
  2852 | D:4      | Reached skill level 8 in Ranged Weapons
  2913 | D:5      | 2913 ||| FLEEEEING.
  2920 | D:5      | 2920 ||| STAIRDANCE
  2925 | D:4      | 2925 ||| DROPPING ring of magical power.
  3086 | D:5      | Reached XP level 8. HP: 48/48 MP: 8/8
  3107 | D:5      | Found a blossoming altar of Fedhas.
  3172 | D:5      | 3172 ||| FLEEEEING.
  3173 | D:5      | 3173 ||| FLEEEEING.
  3174 | D:5      | 3174 ||| FLEEEEING.
  3205 | D:5      | 3205 ||| UPGRADING to amulet of guardian spirit.
  3210 | D:5      | 3210 ||| READING scroll of identify.
  3210 | D:5      | 3210 ||| IDENTIFYING sedimented white potion
  3211 | D:5      | 3211 ||| READING scroll labelled JUSUVOT HOUMUNA.
  3213 | D:5      | 3213 ||| FLEEEEING.
  3222 | D:5      | 3222 ||| STAIRDANCE
  3374 | D:4      | 3374 ||| DROPPING potion of lignification.
  3406 | D:5      | Found a shadowy altar of Dithmenos.
  3406 | D:5      | Noticed a shadow
  3407 | D:5      | Found a hazy altar of Hepliaklqana.
  3486 | D:5      | 3486 ||| READING scroll of identify.
  3486 | D:5      | 3486 ||| IDENTIFYING black potion
  3487 | D:5      | 3487 ||| DROPPING potion of magic.
  3638 | D:5      | 3638 ||| READING scroll of identify.
  3638 | D:5      | 3638 ||| IDENTIFYING scroll labelled WAINTA UZAMM
  3638 | D:5      | Identified a scroll of acquirement
  3639 | D:5      | 3639 ||| READING scroll of acquirement.
  3639 | D:5      | 3639 ||| ACQUIRING +5 arbalest "Cisic" {freeze, rElec rPois
                  | Str+7 Dex-4}
  3639 | D:5      | Acquired the +5 arbalest "Cisic" {freeze, rElec rPois Str+7
                  | Dex-4}
  3641 | D:5      | 3641 ||| SWAPPING to +5 arbalest "Cisic" {freeze, rElec
                  | rPois Str+7 Dex-4}.
  3642 | D:5      | 3642 ||| DROPPING +1 shortbow of draining.
  3753 | D:6      | Reached skill level 9 in Ranged Weapons
  3763 | D:6      | Reached skill level 6 in Fighting
  3765 | D:6      | 3765 ||| FLEEEEING.
  3815 | D:6      | 3815 ||| FLEEEEING.
  3816 | D:6      | 3816 ||| STAIRDANCE
  3888 | D:5      | 3888 ||| UPGRADING to ring of see invisible.
  3987 | D:6      | Found a broken altar of Ashenzari.
  4161 | D:6      | Reached skill level 10 in Ranged Weapons
  4161 | D:6      | Reached XP level 9. HP: 55/55 MP: 9/9
  4206 | D:6      | HP: 12/55 [acid dragon/splash of acid (23)]
  4207 | D:6      | 4207 ||| READING scroll of teleportation.
  4208 | D:6      | 4208 ||| DRINKING 2 potions of heal wounds.
  4210 | D:6      | 4210 ||| FLEEEEING.
  4267 | D:6      | 4267 ||| FLEEEEING.
  4270 | D:6      | 4270 ||| STAIRDANCE
  4307 | D:5      | 4307 ||| UPGRADING to +0 helmet.
  4312 | D:5      | 4312 ||| READING scroll labelled WECORI NEZXOM.
  4670 | D:7      | Found a staircase to the Ecumenical Temple.
  4671 | D:7      | 4671 ||| PLANNING TEMPLE
  4671 | D:7      | 4671 ||| READING scroll labelled CIKLEU OMOG.
  4671 | D:7      | 4671 ||| ENCHANTING +0 steam dragon scales.
  4681 | Temple   | Entered the Ecumenical Temple
  4682 | Temple   | 4682 ||| PLANNING OKAWARU WORSHIP
  4690 | Temple   | Became a worshipper of Warmaster Okawaru
  4691 | Temple   | 4691 ||| PLANNING D:1-11
  4691 | Temple   | 4691 ||| REMOVING amulet of guardian spirit.
  4696 | Temple   | 4696 ||| DROPPING amulet of guardian spirit.
  4794 | D:7      | 4794 ||| FLEEEEING.
  4795 | D:7      | 4795 ||| FLEEEEING.
  4796 | D:7      | 4796 ||| STAIRDANCE
  4905 | D:6      | 4905 ||| UPGRADING to amulet of reflection.
  4919 | D:7      | 4919 ||| STAIRDANCE
  4938 | D:7      | 4938 ||| STAIRDANCE
  4944 | D:7      | 4944 ||| STAIRDANCE
  4946 | D:6      | 4946 ||| FLEEEEING.
  4967 | D:7      | 4967 ||| STAIRDANCE
  4981 | D:7      | 4981 ||| STAIRDANCE
  5013 | D:7      | 5013 ||| STAIRDANCE
  5021 | D:7      | 5021 ||| STAIRDANCE
  5201 | D:7      | Noticed Joseph
  5202 | D:7      | 5202 ||| DRINKING potion of haste.
  5204 | D:7      | 5204 ||| FLEEEEING.
  5205 | D:7      | 5205 ||| FLEEEEING.
  5220 | D:7      | 5220 ||| FLEEEEING.
  5262 | D:7      | Killed Joseph
  5263 | D:7      | Reached skill level 11 in Ranged Weapons
  5315 | D:7      | Found a radiant altar of Vehumet.
  5373 | D:7      | Found Minle's Magic Scroll Emporium.
  5379 | D:7      | 5379 ||| BUYING scroll of brand weapon (123 gold).
  5379 | D:7      | Bought a scroll of brand weapon for 123 gold pieces
  5379 | D:7      | 5379 ||| BUYING scroll of enchant weapon (97 gold).
  5379 | D:7      | Bought a scroll of enchant weapon for 97 gold pieces
  5379 | D:7      | 5379 ||| BUYING scroll of identify (26 gold).
  5379 | D:7      | Bought a scroll of identify for 26 gold pieces
  5379 | D:7      | 5379 ||| BUYING scroll of identify (26 gold).
  5379 | D:7      | Bought a scroll of identify for 26 gold pieces
  5379 | D:7      | 5379 ||| BUYING scroll of identify (26 gold).
  5379 | D:7      | Bought a scroll of identify for 26 gold pieces
  5674 | D:7      | 5674 ||| READING 3 scrolls of identify.
  5674 | D:7      | 5674 ||| IDENTIFYING metallic puce potion
  5675 | D:7      | 5675 ||| READING 2 scrolls of identify.
  5675 | D:7      | 5675 ||| IDENTIFYING blue potion
  5676 | D:7      | 5676 ||| READING scroll of identify.
  5676 | D:7      | 5676 ||| IDENTIFYING scroll labelled ESAGAC ZAECWA
  5677 | D:7      | 5677 ||| DROPPING potion of ambrosia.
  5678 | D:7      | 5678 ||| DROPPING scroll of poison.
  5679 | D:7      | 5679 ||| DROPPING potion of brilliance.
  5721 | D:8      | Reached * piety under Okawaru
  5722 | D:8      | 5722 ||| FLEEEEING.
  5835 | D:8      | Identified the +2 robe of Awanlum {SInv}
  5954 | D:8      | Reached skill level 1 in Invocations
  6160 | D:8      | Found a flagged portal.
  6169 | D:8      | 6169 ||| FLEEEEING.
  6222 | D:9      | Reached skill level 3 in Invocations
  6222 | D:9      | Reached XP level 10. HP: 21/64 MP: 10/12
  6237 | D:9      | 6237 ||| FLEEEEING.
  6242 | D:9      | 6242 ||| STAIRDANCE
  6406 | D:9      | 6406 ||| RETREEEEATING.
  6408 | D:9      | 6408 ||| RETREEEEATING.
  6410 | D:9      | 6410 ||| RETREEEEATING.
  6423 | D:9      | Reached ** piety under Okawaru
  6435 | D:9      | 6435 ||| FLEEEEING.
  6512 | D:9      | Reached skill level 12 in Ranged Weapons
  6512 | D:9      | 6512 ||| FLEEEEING.
  6515 | D:9      | Found a burning altar of Makhleb.
  6686 | D:9      | Reached skill level 3 in Armour
  6795 | D:9      | Reached *** piety under Okawaru
  6917 | D:9      | Noticed an obsidian statue
  6918 | D:9      | 6918 ||| UPGRADING to amulet of faith.
  6920 | D:9      | Noticed a rust devil
  6920 | D:9      | 6920 ||| RETREEEEATING.
  6921 | D:9      | 6921 ||| INVOKING Heroism.
  6940 | D:9      | 6940 ||| FLEEEEING.
  6955 | D:9      | 6955 ||| FLEEEEING.
  6999 | D:9      | 6999 ||| RETREEEEATING.
  7058 | D:9      | 7058 ||| UPGRADING to amulet of faith.
  7068 | D:9      | 7068 ||| READING 4 scrolls of identify.
  7068 | D:9      | 7068 ||| IDENTIFYING dark potion
  7069 | D:9      | Gained mutation: You sometimes lose your temper in combat.
                  | [a neqoxec]
  7070 | D:9      | 7070 ||| DRINKING potion of mutation.
  7070 | D:9      | Lost mutation: You sometimes lose your temper in combat.
                  | [potion of mutation]
  7070 | D:9      | Gained mutation: Your mind is acute. (Int +4, Str/Dex -1)
                  | [potion of mutation]
  7070 | D:9      | Gained mutation: You have sharp toenails. [potion of
                  | mutation]
  7070 | D:9      | Gained mutation: Your movements are slightly less
                  | encumbered by armour. (ER -2) [potion of mutation]
  7073 | D:9      | Gained mutation: Your magical capacity is low. (-10% MP) [a
                  | neqoxec]
  7097 | D:9      | Noticed a rust devil
  7097 | D:9      | Noticed an orange demon
  7101 | D:9      | Noticed a sun demon
  7102 | D:9      | HP: 2/64 [sun demon[an obsidian statue] (23)]
  7102 | D:9      | Demolished by a sun demon

Levels and vault maps discovered:
D:1:      saegor_arrival_simple_e, layout_basic, nrook_campfire,
          hangedman_glass_teeth, minmay_domino_2
D:2:      layout_rooms, serial_shops, shop, minmay_close_crescents
D:3:      layout_rooms, tgw_sif, lemuel_coloured_pillars_altar,
          chequers_serial_rivers_large_b, uniq_sigmund, uniq_ijyb, uniq_natasha
D:4:      layout_rooms, nicolae_overflow_hidden_temple,
          mainiacjoe_overflow_catwalk, ebering_ghost_disaster_area,
          minmay_misc_feat_plants, uniq_duvessa
D:5:      layout_rooms, fedhas_altar_fruit_tree,
          riverfiend_overflow_shadow_ancestor, minmay_puff
D:6:      layout_basic, ashenzari_conservatory_becter,
          kennysheep_generic_room_11
D:7:      layout_basic, vehumet_statue, minmay_temple_entry_gardened_gates,
          serial_shops, shop, uniq_joseph
D:8:      layout_rooms, enter_bailey_4
D:9:      layout_loops_cross, kennysheep_mini, minmay_protected_statue
Temple:   hellmonk_temple_flake

Skill      XL: |  1  2  3  4  5  6  7  8  9 10 |
---------------+-------------------------------+-----
Ranged Weapons | 5 7 8 10 11 12 | 12.6
Armour         | 1 2 3 |  3.0
Fighting       | 3 4 6 8 |  8.0
Dodging        | 3 4 |  4.0
Invocations    | 3 4 |  4.1
Stealth        | |  1.1

Action                     |  1- 3 |  4- 6 |  7- 9 | 10-12 || total
---------------------------+-------+-------+-------+-------++-------
   Fire: Shortbow          |   135 |    80 |   134 |       ||   349
         Arbalest          |       |       |   145 |    96 ||   241
 Invoke: Heroism           |       |       |       |     1 ||     1
    Use: Scroll            |     7 |     2 |    15 |     1 ||    25
         Potion            |     1 |       |     2 |     1 ||     4
 Armour: Leather armour    |    29 |       |       |       ||    29
         Ring mail         |     1 |    25 |     1 |       ||    27
         Steam dragon scal |       |       |    97 |    38 ||   135
         Skin              |       |       |     2 |       ||     2
  Dodge: Dodged            |    40 |    10 |   127 |    55 ||   232
  Block: Other             |       |       |     8 |    12 ||    20

Table legend:
 A = Non-vault XP
 B = Vault XP
 C = Vault XP percentage of total XP
 D = Non-vault monster count
 E = Vault monster count
 F = Vault count percentage of total count
                 A         B        C        D         E       F
            +---------+---------+-------+---------+---------+-------
      Total |    6181 |    1376 |  18.2 |     156 |      21 |  11.9
            +---------+---------+-------+---------+---------+-------
        D:1 |      43 |       2 |   4.4 |      27 |       1 |   3.6
        D:2 |      20 |       6 |  23.1 |      11 |       3 |  21.4
        D:3 |     144 |     355 |  71.1 |      18 |       4 |  18.2
        D:4 |     307 |     202 |  39.7 |      16 |       2 |  11.1
        D:5 |     160 |     303 |  65.4 |      12 |       3 |  20.0
        D:6 |    1317 |      35 |   2.6 |      19 |       1 |   5.0
        D:7 |     385 |     462 |  54.5 |       8 |       2 |  20.0
        D:8 |     879 |      11 |   1.2 |      21 |       5 |  19.2
        D:9 |    2926 |       0 |   0.0 |      24 |       0 |   0.0
            +---------+---------+-------+---------+---------+-------
